 Dungeon Crawl Stone Soup version 0.25-a0-294-gea9b1ad378 (webtiles) character file.

Game seed: 136949463314091185, levelgen mode: classic

738 Borgoz the Slasher (level 7, -2/61 HPs)
             Began as a Minotaur Gladiator on Dec 18, 2019.
             Was an Initiate of Okawaru.
             Slain by a hornet zombie (12 damage)
             ... on level 5 of the Dungeon.
             The game lasted 00:03:52 (3324 turns).

Borgoz the Slasher (Minotaur Gladiator)             Turns: 3324, Time: 00:03:54

Health: -2/61      AC:  3    Str: 19      XL:     7   Next: 46%
Magic:  6/6        EV: 15    Int:  5      God:    Okawaru [......]
Gold:   163        SH:  0    Dex: 15 (16) Spells: 6/6 levels left

rFire    . . .     SeeInvis .   a - +0 long sword
rCold    . . .     Gourm    .   (no shield)
rNeg     . . .     Faith    .   b - +0 leather armour
rPois    .         Spirit   .   c - +0 hat
rElec    .         Reflect  .   (no cloak)
rCorr    .         Harm     .   (no gloves)
MR       .....     Rnd*Tele +   (no boots)
Stlth    +.........             (no amulet)
HPRegen  0.20/turn              l - +3 ring of dexterity
MPRegen  0.10/turn              u - ring of teleportation (curse)

@: no status effects
A: retaliatory headbutt, horns 2
a: Renounce Religion


You were on level 5 of the Dungeon.
You worshipped Okawaru.
Okawaru was noncommittal.
You were hungry.

You visited 2 branches of the dungeon, and saw 6 of its levels.

You collected 163 gold pieces.

Inventory:

Hand Weapons
 a - a +0 long sword (weapon)
Missiles
 d - a throwing net (quivered)
Armour
 b - a +0 leather armour (worn)
 c - a +0 hat (worn)
Jewellery
 l - a +3 ring of dexterity (left hand)
 q - an uncursed ring of fire
 u - a cursed ring of teleportation (right hand)
Wands
 t - a wand of digging (5)
 y - a wand of flame (24)
Scrolls
 h - a scroll of immolation {unknown}
 i - 2 scrolls of enchant armour {unknown}
 j - 6 scrolls of identify {unknown}
 k - a scroll of amnesia {unknown}
 n - a scroll of teleportation {unknown}
 o - a scroll of magic mapping {unknown}
 p - 2 scrolls of random uselessness {unknown}
 v - a scroll of remove curse {unknown}
 x - a scroll of fog {unknown}
Potions
 e - 2 potions of haste {unknown}
 g - a potion of invisibility {unknown}
 m - 2 potions of degeneration {unknown}
 r - a potion of brilliance {unknown}
 s - a potion of heal wounds {unknown}
 w - a potion of flight {unknown}
Comestibles
 f - 9 rations


   Skills:
 + Level 5.0 Fighting
 * Level 7.2 Long Blades
 - Level 2.0 Throwing
 + Level 4.2 Armour
 + Level 5.2 Dodging


You had 6 spell levels left.
You didn't know any spells.
Your spell library contained the following spells:

 Spells                   Type           Power        Failure   Level  Hunger
 Corona                   Hex            #......      52%         1    ##.....
 Ensorcelled Hibernation  Hex/Ice        #.....       67%         2    ###....
 Confuse                  Hex            #.......     88%         3    ####...
 Dazzling Flash           Conj/Hex       #.....       88%         3    ####...
 Tukima's Dance           Hex            #.......     88%         3    ####...


Dungeon Overview and Level Annotations

Branches:
Dungeon (5/15)             Temple (1/1) D:4

Altars:
Ashenzari
Cheibriados
Dithmenos
Elyvilon
Fedhas
Gozag
Hepliaklqana
Makhleb
Nemelex Xobeh
Okawaru
Qazlal
Ru
Uskayaw
Vehumet
Wu Jian
Xom
Yredelemnul
Zin
The Shining One

Annotations:
D:2 exclusion: oklob plant


Innate Abilities, Weirdness & Mutations

You reflexively headbutt those who attack you in melee.
You have a pair of horns on your head.


Message History

You barely miss the ogre.
The ogre is lightly wounded.
The ogre struggles against the net.
You slash the ogre!
The ogre is heavily wounded.
The ogre struggles against the net.
You catch the helpless ogre completely off-guard!
You slash the ogre! You headbutt the ogre.
You kill the ogre!
Okawaru accepts your kill.
You feel your dexterity returning.
Your Fighting skill increases to level 5!
You slash the hornet zombie! You headbutt the hornet zombie.
The hornet zombie is heavily damaged.
The hornet zombie hits you!
* * * LOW HITPOINT WARNING * * *
You hit the hornet zombie but do no damage.
The hornet zombie is heavily damaged.
The hornet zombie hits you!
You die...

############...######
#..>...(............#
#...(...............####
#......................#
#...................##.#
###............[...#####.#
####......##..............#.#
#####.......)O##Z#....#######.#.#
..............##@#.#.####### #.#
..............##.#.#.###.#.# #.#
..............##+#.#.##^^^.# #..
.?.................#..'..._# ###
.....................##..^^# #
.....................###^#^# #
.....###.......#+#...####### #
.....# #..............###########
.....# #......†..................


You could see a hornet zombie.

Vanquished Creatures
  2 ogres
  2 scorpions
  A howler monkey (D:4)
  A crimson imp (D:5)
  A quasit (D:5)
  2 hounds
  An orc priest (D:3)
  A centaur skeleton (D:2)
  Natasha (D:2)
  An iguana (D:4)
  A worker ant (D:4)
  A gnoll (D:4)
  6 adders
  2 oozes
  A worm (D:2)
  2 dart slugs (D:2)
  3 leopard geckos
  14 orcs
  6 bats
  7 giant cockroaches
  9 hobgoblins
  5 jackals
  8 kobolds
  3 quokkas
  A ball python (D:4)
  4 frilled lizards
  5 goblins
  3 rats
  A spectral orc (D:5)
95 creatures vanquished.

Notes
Turn   | Place    | Note
-------+----------+-------------------------------------------
     0 | D:1      | Borgoz the Minotaur Gladiator began the quest for the Orb.
     0 | D:1      | Reached XP level 1. HP: 18/18 MP: 0/0
    65 | D:1      | Reached XP level 2. HP: 21/25 MP: 1/1
    69 | D:1      | Reached skill level 4 in Long Blades
    94 | D:1      | Reached skill level 1 in Armour
   477 | D:2      | Reached XP level 3. HP: 31/31 MP: 2/2
   642 | D:2      | Reached XP level 4. HP: 22/38 MP: 3/3
   813 | D:2      | Found a blossoming altar of Fedhas.
   826 | D:2      | Noticed an oklob plant
  1088 | D:2      | Noticed Natasha
  1093 | D:2      | Killed Natasha
  1093 | D:2      | Reached skill level 5 in Long Blades
  1167 | D:2      | Found a snail-covered altar of Cheibriados.
  1194 | D:2      | Reached XP level 5. HP: 43/45 MP: 4/4
  1475 | D:3      | Found a hazy altar of Hepliaklqana.
  2114 | D:4      | Reached XP level 6. HP: 45/52 MP: 5/5
  2127 | D:4      | Reached skill level 6 in Long Blades
  2459 | D:4      | Found a staircase to the Ecumenical Temple.
  2494 | Temple   | Entered the Ecumenical Temple
  2661 | Temple   | Became a worshipper of Warmaster Okawaru
  2766 | D:4      | Found an iron altar of Okawaru.
  3194 | D:5      | Entered Level 5 of the Dungeon
  3197 | D:5      | Reached XP level 7. HP: 60/60 MP: 6/6
  3256 | D:5      | Found a basalt altar of Yredelemnul.
  3283 | D:5      | Reached skill level 5 in Dodging
  3317 | D:5      | Reached skill level 7 in Long Blades
  3322 | D:5      | Reached skill level 5 in Fighting
  3324 | D:5      | Slain by a hornet zombie

Levels and vault maps discovered:
D:1:      dpeg_arrival_shrine, layout_rooms, minmay_tromino_mix6
D:2:      layout_rooms, tgw_fedhas, first_ration, serial_corexii_hall,
          corexii_hall_statues_x, chequers_hall_statues_wall_a,
          kennysheep_slug_shrine, uniq_natasha
D:3:      layout_loops_ring, lemuel_round_altar
D:4:      layout_basic, minmay_temple_entry_mist, okawaru_altar_gauntlet_db
D:5:      layout_basic, yredelemnul_forgotten_temple_becter,
          kennysheep_vampire_church
Temple:   eino_temple_scatter_basement

Skill      XL: |  1  2  3  4  5  6  7 |
---------------+----------------------+-----
Long Blades    | 4 5 6 7 |  7.2
Armour         | 1 2 3 4 |  4.2
Fighting       | 3 4 5 |  5.0
Dodging        | 4 5 |  5.2
Throwing       | |  2.0

Action                   |  1- 3 |  4- 6 |  7- 9 || total
-------------------------+-------+-------+-------++-------
Melee: Long sword        |    60 |   102 |    26 ||   188
       Headbutt          |    12 |    22 |     6 ||    40
Throw: Throwing net      |       |       |     2 ||     2
 Stab: Sleeping          |       |     1 |       ||     1
       Held in net/web   |       |       |     1 ||     1
  Eat: Chunk             |       |     7 |       ||     7
Armor: Leather armour    |    19 |    13 |     8 ||    40
Dodge: Dodged            |    55 |    92 |    40 ||   187
       Rpst.: Long sword |    12 |    22 |     7 ||    41

Table legend:
 A = Non-vault XP
 B = Vault XP
 C = Vault XP percentage of total XP
 D = Non-vault monster count
 E = Vault monster count
 F = Vault count percentage of total count
                 A         B        C        D         E       F
            +---------+---------+-------+---------+---------+-------
      Total |     983 |      72 |   6.8 |      84 |      11 |  11.6
            +---------+---------+-------+---------+---------+-------
        D:1 |      32 |       5 |  13.5 |      19 |       2 |   9.5
        D:2 |     125 |      40 |  24.2 |      19 |       2 |   9.5
        D:3 |     108 |       0 |   0.0 |      24 |       0 |   0.0
        D:4 |     384 |      26 |   6.3 |      16 |       6 |  27.3
        D:5 |     334 |       1 |   0.3 |       6 |       1 |  14.3
            +---------+---------+-------+---------+---------+-------
